 Dungeon Crawl Stone Soup version 0.31-a0-1019-g3dd9dd1025 (webtiles) character file.

Game seed: 156523522820029204

48 Azuregosa the Covert (level 3, -9/26 HPs)
             Began as an Octopode Delver on Nov 17, 2023.
             Mangled by Duvessa
             ... wielding a +0 rapier
              (13 damage)
             ... on level 4 of the Dungeon.
             The game lasted 00:01:02 (92 turns).

Azuregosa the Covert (Octopode Delver)                Turns: 92, Time: 00:01:03

Health: -9/26      AC:  1    Str: 11    XL:     3   Next: 72%
Magic:  3/3        EV: 13    Int: 14    God:
Gold:   0          SH:  0    Dex: 13    Spells: 2/2 levels left

rFire   . . .        a - +0 mace
rCold   . . .        (no shield)
rNeg    . . .        (helmet restricted)
rPois   .            (no amulet)
rElec   .            (no ring)
rCorr   .            (no ring)
SInv    .            (no ring)
Will    .....        (no ring)
Stlth   +++++        (no ring)
HPRegen 0.24/turn    (no ring)
MPRegen 0.08/turn    (no ring)
                     (no ring)

%: no passive effects
@: no status effects
A: almost no armour, amphibious, 8 rings, camouflage 1, gelatinous body 1,
(nimble swimmer 1), tentacles
a: no special abilities


You were on level 4 of the Dungeon.
You visited 1 branch of the dungeon, and saw 2 of its levels.

Inventory:

Hand Weapons
 a - a +0 mace (weapon)
Wands
 f - a wand of digging (3)
Potions
 e - a potion of haste


   Skills:
 - Level 3.0 Fighting
 - Level 2.0 Maces & Flails
 - Level 2.0 Dodging
 + Level 8.3 Stealth


You had 2 spell levels left.
You didn't know any spells.
Your spell library was empty.

Dungeon Overview and Level Annotations

Branches:
Dungeon (5/15)
 Temple: D:4-7

Altars:

Annotations:
D:4 Dowan, Duvessa


Innate Abilities, Weirdness & Mutations

You cannot wear most types of armour.
You are amphibious.
You can wear up to eight rings at the same time.
Your skin changes colour to match your surroundings (Stealth+).
Your rubbery body absorbs attacks. (AC +1, EV +1)
((You are camouflaged when in or above water. (Stealth+)))
You have tentacles for arms and can constrict up to eight enemies at once.


Message History

You hit the shadow imp.
You kill the shadow imp!
A quokka comes into view.
There is a stone staircase leading up here.
You climb upwards.
Dowan shouts!
You hear a shout!
There is a stone staircase leading down here.
Duvessa, Sister of Dowan comes into view.
She is wielding a +0 rapier.
As you read the scroll of fear, it crumbles to dust.
You assume a fearsome visage.
Dowan looks frightened!
Dowan casts a spell.
Dowan blinks!
You catch the helpless Dowan completely off-guard!
You hit Dowan.
Your attack snaps Dowan out of his fear.
You grab Dowan. You squeeze Dowan, but do no damage.
Dowan is lightly wounded.
You constrict Dowan. Dowan hits you with a +0 dagger.
Duvessa yells, "You can run, but you cannot escape us forever!"
Dowan hits you with a +0 dagger.
As you read the scroll of fog, it dissolves into smoke.
You constrict Dowan. Dowan misses you.
You completely miss Dowan. You squeeze Dowan!
Dowan is severely wounded.
You constrict Dowan. Duvessa barely misses you.
Dowan gestures at you while chanting. The puff of flame hits you!
You completely miss Dowan.
Dowan is severely wounded.
You constrict Dowan. Duvessa closely misses you.
Dowan hits you with a +0 dagger.
* * * LOW HITPOINT WARNING * * *
You hit Dowan but do no damage.
Dowan is severely wounded.
You constrict Dowan. Duvessa barely misses you.
Dowan hits you with a +0 dagger.
* * * LOW HITPOINT WARNING * * *
Duvessa hits you with a +0 rapier!
Ouch! That really hurt!
You die...

## # .# #.
##.####
####.§####.....#
.....§e@##.....#
####.§#§e§>....#
#.. ####.....#
#.. #.....# ##
##e.#.... ..#
### #.# .. ##.


You could see Duvessa and Dowan.

Vanquished Creatures
  A hound (D:5)
  An adder (D:5)
  A shadow imp (D:5)
3 creatures vanquished.

Notes
Turn   | Place    | Note
-------+----------+-------------------------------------------
     0 | D:5      | Azuregosa the Octopode Delver began the quest for the Orb.
     0 | D:5      | Reached XP level 1. HP: 16/16 MP: 1/1
     4 | D:5      | Noticed a hound
    12 | D:5      | Killed a hound
    13 | D:5      | Reached skill level 8 in Stealth
    13 | D:5      | Reached XP level 2. HP: 14/21 MP: 2/2
    13 | D:5      | Reached XP level 3. HP: 18/26 MP: 3/3
    83 | D:4      | Noticed Dowan
    84 | D:4      | Noticed Duvessa
    92 | D:4      | Mangled by Duvessa

Illustrated notes

Levels and vault maps discovered:
D:4:      layout_loops_corners, nicolae_qazlal_eye_of_the_storm, serial_shops,
          nicolae_shop_behind_doors, uniq_blork_the_orc, uniq_ijyb,
          uniq_crazy_yiuf_cottage, uniq_duvessa
D:5:      layout_basic

Skill      XL: |  1 |
---------------+----+-----
Stealth        | 8 |  8.3
Fighting       | |  3.0
Maces & Flails | |  2.0
Dodging        | |  2.0

Action                     || total
---------------------------++-------
  Melee: Mace              ||    13
         Constrict         ||     4
         Tentacles         ||     3
    Use: Scroll            ||     3
   Stab: Fleeing           ||     1
 Armour: Skin              ||    11
  Dodge: Dodged            ||    13

Table legend: (Time is in decaauts)
 A = Elapsed time spent in this place.
 B = Non-inter-level travel time spent in this place.
 C = Inter-level travel time spent in this place.
 D = Time resting spent in this place.
 E = Time spent auto-exploring this place.
 F = Levels seen in this place.
 G = Mean time per level.
                   A        B        C        D        E       F      G
               +--------+--------+--------+--------+--------+-----+--------+
         Total |     95 |     95 |      0 |     49 |      0 |   2 |   47.5 |
       Dungeon |     95 |     95 |      0 |     49 |      0 |   2 |   47.5 |
               +--------+--------+--------+--------+--------+-----+--------+

Top non-repeatable levels by time:
     D:5: 85 daAuts
     D:4: 9 daAuts
